 Dungeon Sprint DCSS version 0.17-a0-1337-ge651487 (webtiles) character file.

908 Kidiri the Covert (level 7, -11/32 HPs)
             Began as a Spriggan Enchanter on June 10, 2015.
             Mangled by a kraken (43 damage)
             ... in the Dungeon (Sprint II: "The Violet Keep of Menkaure").
             The game lasted 00:07:57 (446 turns).

Kidiri the Covert (Spriggan Enchanter)               Turns: 446, Time: 00:07:57

Health: -11/32     AC:  3    Str:  4    XL:     7   Next: 81%
Magic:  19/21      EV: 27    Int: 19    God:
Gold:   151        SH:  0    Dex: 18    Spells: 7 memorised, 4 levels left

rFire  . . .     SeeInvis +     a - +1 dagger
rCold  . . .     Clarity  .     b - +1 robe
rNeg   . . .     SustAt   .     (shield restricted)
rPois  .         Gourm    .     (helmet restricted)
rElec  .         Spirit   .     (no cloak)
rCorr  .         Warding  .     (gloves unavailable)
rMut   .         NoTele   +     (boots unavailable)
MR     +....                    (no amulet)
Stlth  ++++......               n - ring of stealth
                                m - +2 ring of intelligence

@: very quick, somewhat resistant to hostile enchantments, stealthy
A: unfitting armour, see invisible, herbivore 3, speed 3, slow metabolism 2
a: no special abilities


You were in the Dungeon.
You were not hungry.

You visited 1 branch You collected 972 gold pieces.
You spent 821 gold pieces at shops.

Inventory:

Hand weapons
 a - a +1 dagger (weapon)
Armour
 b - a +1 robe (worn)
Jewellery
 m - a +2 ring of intelligence (left hand)
 n - a ring of stealth (right hand)
Scrolls
 j - a scroll of blinking
Potions
 e - 2 potions of curing
 f - a potion of heal wounds
 g - a potion of haste
 h - 2 potions of magic
 i - a potion of berserk rage
 l - a potion of mutation
Books
 c - a book of Maledictions

   Spells                             Type                      Level
   a - Corona                         Hexes                        1
   b - Ensorcelled Hibernation        Hexes/Ice                    2
   c - Confuse                        Hexes                        3
   d - Tukima's Dance                 Hexes                        3
   e - Dazzling Spray                 Conjuration/Hexes            3
 k - a book of Clouds

   Spells                             Type                      Level
   a - Mephitic Cloud                 Conjuration/Poison/Air       3
   b - Conjure Flame                  Conjuration/Fire             3
   c - Poisonous Cloud                Conjuration/Poison/Air       6
   d - Freezing Cloud                 Conjuration/Ice/Air          6
   e - Ring of Flames                 Charms/Fire                  7
Comestibles
 d - a bread ration


   Skills:
 * Level 8.4 Short Blades
 * Level 11.0 Dodging
 * Level 12.2 Stealth
 * Level 9.5 Spellcasting
 + Level 3.0 Conjurations
 + Level 7.3 Hexes
 + Level 3.2 Ice Magic
 + Level 0.3 Air Magic
 + Level 0.4 Poison Magic


You had 4 spell levels left.
You knew the following spells:

 Your Spells              Type           Power        Failure   Level  Hunger
a - Corona                Hex            #####..      1%          1    None
b - Ensorcelled Hibernat  Hex/Ice        ####..       1%          2    None
c - Confuse               Hex            #####...     1%          3    None
d - Tukima's Dance        Hex            #####...     1%          3    None
e - Dazzling Spray        Conj/Hex       ####....     2%          3    None
f - Mephitic Cloud        Conj/Pois/Air  ##......     14%         3    None
g - Freezing Cloud        Conj/Ice/Air   ###.......   100%        6    ######.


Dungeon Overview and Level Annotations

Branches:
Dungeon (1/1)

Altars:

Shops:
D :==}}[?:*[[!!%}(

Annotations:
D exclusion: oklob plant


Innate Abilities, Weirdness & Mutations

You are tiny and cannot use many weapons and most armour.
You have supernaturally acute eyesight.
You are a herbivore.
You cover ground extremely quickly.
You need consume almost no food.


Message History

You hit the kraken but do no damage.
The kraken is lightly wounded.
You catch the helpless kraken completely off-guard!
You impale the kraken!!
The kraken is moderately wounded.
The kraken misses you.
You completely miss the kraken.
The kraken is moderately wounded.
The kraken is engulfed in noxious fumes.
You enter the shallow water.
Moving in this stuff is going to be slow.
You hit the kraken but do no damage.
The kraken is moderately wounded.
Your unstable footing causes you to fumble your attack.
You catch the helpless kraken completely off-guard!
You impale the kraken!!
The kraken is moderately wounded.
The kraken bites you!!!
Ouch! That really hurt!
You die...

.#≈≈≈≈##...##.####
.#≈≈≈≈#%%##.# ...#
.#≈≈######.####..##
.#≈##%# #+###.##..#
.#≈#.####.##..##..#
.+≈'##.'.<.'##.'..### #
.#≈#...##.##.%##..§§###..
##≈##.###+###.##≈.....≈≈≈
##≈≈####.#.####X@..§..≈#+
##≈≈≈#..#..#≈≈≈≈≈≈≈..≈#.
+#≈##.#.##§≈§§§§§≈.≈#.
≈≈##+##≈§≈§≈≈≈≈≈≈≈#. ≈≈
≈≈≈≈§≈§§≈§§≈≈≈#.
#+++#§§≈≈≈§≈≈≈#.
##§§§###§≈#. ##§§# ≈§#.
+≈≈# §#.


You could see a kraken (confused).

Vanquished Creatures
  2 boulder beetles (D)
  2 crocodiles (D)
  4 brain worms (D)
  4 worker ants (D)
  3 worms (D)
15 creatures vanquished.

Vanquished Creatures (others)
  4 tentacles (D)
4 creatures vanquished.

Grand Total: 19 creatures vanquished

Notes
Turn   | Place    | Note
--------------------------------------------------------------
     0 | D        | Kidiri the Spriggan Enchanter began the quest for the Orb.
     0 | D        | Reached XP level 1. HP: 9/9 MP: 5/5
     1 | D        | Noticed a brain worm
     6 | D        | Killed a brain worm
     6 | D        | Reached skill level 5 in Dodging
     6 | D        | Reached skill level 7 in Stealth
     6 | D        | Reached skill level 5 in Spellcasting
     6 | D        | Reached XP level 2. HP: 11/13 MP: 6/9
     6 | D        | Reached XP level 3. HP: 13/16 MP: 6/10
     6 | D        | Reached XP level 4. HP: 17/21 MP: 7/12
     8 | D        | Noticed a brain worm
    10 | D        | Learned a level 2 spell: Ensorcelled Hibernation
    13 | D        | Killed a brain worm
    13 | D        | Reached skill level 5 in Short Blades
    13 | D        | Reached skill level 8 in Stealth
    13 | D        | Reached skill level 5 in Hexes
    13 | D        | Reached XP level 5. HP: 19/24 MP: 5/14
    20 | D        | Learned a level 3 spell: Confuse
    24 | D        | Learned a level 3 spell: Tukima's Dance
    28 | D        | Learned a level 3 spell: Dazzling Spray
    79 | D        | Noticed a brain worm
    79 | D        | Noticed a brain worm
    81 | D        | Killed a brain worm
    81 | D        | Reached skill level 9 in Stealth
    81 | D        | Reached skill level 1 in Ice Magic
    83 | D        | Killed a brain worm
    83 | D        | Reached skill level 1 in Conjurations
    83 | D        | Reached XP level 6. HP: 28/28 MP: 15/17
    99 | D        | Noticed a boulder beetle
    99 | D        | Noticed a boulder beetle
   104 | D        | Killed a boulder beetle
   104 | D        | Reached skill level 10 in Stealth
   124 | D        | Killed a boulder beetle
   124 | D        | Reached skill level 10 in Dodging
   124 | D        | Reached skill level 11 in Stealth
   124 | D        | Reached XP level 7. HP: 32/32 MP: 20/20
   131 | D        | Noticed a worker ant
   131 | D        | Noticed a worker ant
   131 | D        | Noticed a worker ant
   131 | D        | Noticed a worker ant
   134 | D        | Killed a worker ant
   135 | D        | Killed a worker ant
   140 | D        | Killed a worker ant
   143 | D        | Killed a worker ant
   192 | D        | Found Odistid's Book Shoppe.
   192 | D        | Found Bini's Distillery.
   192 | D        | Found Meyraen's Food Shoppe.
   192 | D        | Found Zuitsale's Magic Scroll Emporium.
   192 | D        | Found Qaoj's Antique Weapon Shoppe.
   192 | D        | Found Faoju's Antique Armour Emporium.
   193 | D        | Found Ekuts's Gadget Emporium.
   193 | D        | Found Ududuheur's Antique Armour Shoppe.
   193 | D        | Found Josmam's General Store.
   193 | D        | Found Awnug's Gadget Shoppe.
   193 | D        | Found Reustrel's Gadget Emporium.
   216 | D        | Noticed a flying skull
   216 | D        | Noticed a flying skull
   216 | D        | Noticed a flying skull
   216 | D        | Noticed a flying skull
   217 | D        | Noticed a flying skull
   217 | D        | Noticed a flying skull
   217 | D        | Noticed a flying skull
   217 | D        | Noticed a flying skull
   217 | D        | Noticed a flying skull
   218 | D        | Noticed a flying skull
   218 | D        | Noticed a crocodile
   220 | D        | Killed a crocodile
   220 | D        | Reached skill level 12 in Stealth
   221 | D        | Noticed a flying skull
   222 | D        | Noticed a flying skull
   242 | D        | Found Wubaa's Jewellery Shoppe.
   242 | D        | Found Utiyne's Jewellery Emporium.
   243 | D        | Found Buigiliype's Distillery.
   243 | D        | Found Nuasifot's Antique Armour Emporium.
   243 | D        | Noticed a redback
   244 | D        | Noticed a redback
   244 | D        | Noticed an oklob plant
   245 | D        | Found Ishel's Book Shoppe.
   247 | D        | Noticed a slime creature
   249 | D        | Noticed a slime creature
   250 | D        | Noticed a slime creature
   254 | D        | Noticed a wyvern
   278 | D        | Bought a book of Clouds for 450 gold pieces
   282 | D        | Learned a level 3 spell: Mephitic Cloud
   289 | D        | Learned a level 6 spell: Freezing Cloud
   298 | D        | Bought a potion of mutation for 32 gold pieces
   298 | D        | Bought a potion of curing for 39 gold pieces
   305 | D        | Bought a +2 ring of intelligence for 90 gold pieces
   305 | D        | Bought an uncursed ring of stealth for 210 gold pieces
   331 | D        | Noticed a kraken
   355 | D        | Noticed a crocodile
   359 | D        | Killed a crocodile
   446 | D        | Mangled by a kraken

Vault maps used:
D:        the_violet_keep_of_menkaure

Action                   |  1- 3 |  4- 6 |  7- 9 || total
-------------------------+-------+-------+-------++-------
Melee: Dagger            |     3 |     6 |    36 ||    45
 Cast: Ensorcelled Hiber |       |     2 |     3 ||     5
       Confuse           |       |       |     2 ||     2
       Mephitic Cloud    |       |       |     1 ||     1
 Stab: Sleeping          |     1 |     6 |     8 ||    15
       Confused          |       |       |     2 ||     2
